 Dungeon Crawl Stone Soup version 0.20.1-1-g8b1a95d (webtiles) character file.

704 Gargoyl the Covered (level 7, -12/61 HPs)
             Began as a Minotaur Abyssal Knight on July 18, 2017.
             Was a Believer of Lugonu.
             Killed from afar by Pikel (19 damage)
             ... with a wand of acid (?/15)
             ... on level 4 of the Dungeon.
             The game lasted 00:05:12 (3081 turns).

Gargoyl the Covered (Minotaur Abyssal Knight)       Turns: 3081, Time: 00:05:12

Health: -12/61     AC: 10    Str: 14 (17) XL:     7   Next: 39%
Magic:  8/8        EV:  7    Int:  7 (9)  God:    Lugonu [**....]
Gold:   218        SH:  0    Dex:  9 (11) Spells: 6/6 levels left

rFire    . . .     SeeInvis .   a - +2 hand axe
rCold    . . .     Gourm    .   (no shield)
rNeg     . . .     Faith    .   d - +0 chain mail
rPois    .         Spirit   .   (helmet restricted)
rElec    .         Reflect  .   (no cloak)
rCorr    .         Harm     .   (no gloves)
MR       .....                  (no boots)
Stlth    ..........             (no amulet)
Regen    0.2/turn               (no ring)
MPRegen  0.2/turn               (no ring)

@: no status effects
A: retaliatory headbutt, horns 2
a: Depart the Abyss, Bend Space, Renounce Religion


You were on level 4 of the Dungeon.
You worshipped Lugonu.
Lugonu was pleased with you.
You were not hungry.

You visited 1 branch of the dungeon, and saw 4 of its levels.
You visited the Abyss 1 time.

You collected 218 gold pieces.

Inventory:

Hand Weapons
 a - a +2 hand axe (weapon)
Missiles
 p - 4 tomahawks (quivered)
Armour
 d - a +0 chain mail (worn)
Jewellery
 r - an uncursed ring of ice
Scrolls
 b - 2 scrolls of teleportation
 k - 2 scrolls of identify
 m - a scroll of remove curse
Potions
 e - 2 potions of curing {unknown}
 f - a potion of lignification {unknown}
 g - 3 potions of haste {unknown}
 i - 3 potions of degeneration
 j - a potion of might {unknown}
 l - a potion of brilliance {unknown}
 o - a potion of magic {unknown}
Comestibles
 c - 2 bread rations
 h - 3 fruits
 n - a royal jelly
 q - 2 meat rations


   Skills:
 + Level 5.0 Fighting
 + Level 5.7 Axes
 + Level 1.3 Throwing
 * Level 6.6 Armour
 + Level 1.5 Dodging
 * Level 3.2 Invocations


You had 6 spell levels left.
You didn't know any spells.

Dungeon Overview and Level Annotations

Branches:
Dungeon (4/15)
 Temple: D:4-7

Altars:
Hepliaklqana

Annotations:
D:4 Pikel


Innate Abilities, Weirdness & Mutations

You reflexively headbutt those who attack you in melee.
You have a pair of horns on your head.


Message History

You are electrocuted!
You hit Pikel but do no damage. You headbutt Pikel!
Pikel is heavily wounded.
Pikel hits you with a whip of electrocution.
* * * LOW HITPOINT WARNING * * *
You miss Pikel.
Pikel is heavily wounded.
Pikel hits you with a whip of electrocution.
* * * LOW HITPOINT WARNING * * *
You are electrocuted!
* * * LOW HITPOINT WARNING * * *
Your chain mail prevents you from hitting Pikel.
Pikel is moderately wounded.
Pikel hits you but does no damage.
It was a potion of degeneration.
There was something very wrong with that liquid.
You feel weakened.
You feel dopey.
You feel clumsy.
Pikel says, "Slavery isn't that bad."
Pikel zaps a wand.
The bolt of acid hits you!
You die...

.. .##.# #### #
#.#.......# #.#
..##..#
#.###$##..#
#.....<#p.#
###.#...K.#
.####...##.#
...........p#####
#.........pppK@.#
###############.#
.# .# .# .# ##


You could see Pikel and 4 slaves.

Vanquished Creatures
  Sigmund (D:2)
  The ghost of motoroller71 the Slasher, an amateur DsGl (D:4)
  Duvessa (D:4)
  Dowan (D:4)
  An iguana (D:4)
  An orc wizard (D:3)
  A centaur skeleton (D:4)
  A worker ant (D:4)
  4 gnolls (D:2)
  6 adders
  4 worms
  3 dart slugs
  5 orcs (D:3)
  2 ball pythons
  3 giant cockroaches
  7 goblins
  4 hobgoblins
  8 kobolds
  4 quokkas
  5 bats
  5 frilled lizards
  8 rats
76 creatures vanquished.

Notes
Turn   | Place    | Note
-------+----------+-------------------------------------------
     0 | Abyss:1  | Gargoyl the Minotaur Abyssal Knight began the quest for the Orb.
     0 | Abyss:1  | Reached XP level 1. HP: 19/19 MP: 1/1
    69 | Abyss:1  | Noticed a small abomination
    99 | Abyss:2  | Noticed a large abomination
   120 | Abyss:2  | Noticed a thrashing horror
   122 | D:1      | Escaped the Abyss
   294 | D:1      | Reached * piety under Lugonu
   294 | D:1      | Reached XP level 2. HP: 22/27 MP: 2/2
   690 | D:2      | Reached skill level 3 in Armour
   697 | D:2      | Reached XP level 3. HP: 21/33 MP: 3/3
   868 | D:2      | Reached XP level 4. HP: 26/41 MP: 4/4
  1038 | D:2      | Found a hazy altar of Hepliaklqana.
  1349 | D:2      | Reached ** piety under Lugonu
  1450 | D:2      | Noticed Sigmund
  1457 | D:2      | Killed Sigmund
  1457 | D:2      | Reached skill level 1 in Throwing
  1457 | D:2      | Reached skill level 4 in Armour
  1457 | D:2      | Reached XP level 5. HP: 26/47 MP: 4/6
  1713 | D:3      | Reached XP level 6. HP: 39/53 MP: 7/7
  1715 | D:3      | Reached skill level 5 in Armour
  2496 | D:4      | Noticed motoroller71's ghost (amateur DsGl)
  2518 | D:4      | Killed motoroller71's ghost
  2518 | D:4      | Reached skill level 5 in Axes
  2739 | D:4      | Reached skill level 6 in Armour
  2739 | D:4      | Reached XP level 7. HP: 60/60 MP: 8/8
  2784 | D:4      | Noticed Duvessa
  2785 | D:4      | Noticed Dowan
  2805 | D:4      | Killed Duvessa
  2808 | D:4      | Killed Dowan
  2808 | D:4      | Reached skill level 5 in Fighting
  3061 | D:4      | Noticed Pikel
  3081 | D:4      | Killed from afar by Pikel

Skill      XL: |  1  2  3  4  5  6  7 |
---------------+----------------------+-----
Invocations    | 2 3 |  3.2
Fighting       | 4 5 |  5.0
Armour         | 3 4 6 |  6.6
Axes           | 3 4 5 |  5.7
Throwing       | 1 |  1.3
Dodging        | |  1.5

Action                   |  1- 3 |  4- 6 |  7- 9 || total
-------------------------+-------+-------+-------++-------
Melee: Hand axe          |    74 |   120 |    42 ||   236
       Headbutt          |    10 |    30 |     4 ||    44
Throw: Tomahawk          |       |    20 |     1 ||    21
Invok: Depart the Abyss  |     1 |       |       ||     1
  Use: Scroll            |     4 |     2 |       ||     6
       Potion            |       |       |     1 ||     1
  Eat: Chunk             |       |     6 |     1 ||     7
Armor: Chain mail        |    41 |    81 |    20 ||   142
Dodge: Dodged            |    43 |    47 |     8 ||    98
